 Dungeon Crawl Stone Soup version 0.29.0-4-gdea44cf6ec (webtiles) character file.

Game seed: 6054508194867155562

11 qw the Caller (level 2, -1/23 HPs)
             Began as a Ghoul Summoner on Sept 9, 2022.
             Slain by a kobold
             ... wielding a +0 short sword
              (2 damage)
             ... on level 1 of the Dungeon.
             The game lasted 00:00:09 (273 turns).

qw the Caller (Ghoul Summoner)                       Turns: 273, Time: 00:00:10

Health: -1/23      AC:  2    Str: 11    XL:     2   Next: 25%
Magic:  0/3        EV: 12    Int: 10    God:
Gold:   0          SH:  0    Dex:  9    Spells: 3/4 levels left

rFire   . . .      SeeInvis .   e - +0 whip
rCold   + . .      Faith    .   (no shield)
rNeg    + + +      Spirit   .   a - +0 robe
rPois   inf        Reflect  .   (no helmet)
rElec   .          Harm     .   (no cloak)
rCorr   .          Rampage  .   (no gloves)
Will    .....                   (no boots)
Stlth   ++........              (no amulet)
HPRegen 0.00/turn               (no ring)
MPRegen 0.08/turn               (no ring)

@: inhibited regen
A: claws 1, cold resistance 1, negative energy resistance 3, inhibited
regeneration, torment resistance 2, devour on kill
a: no special abilities


You were on level 1 of the Dungeon.
You visited 1 branch of the dungeon, and saw 1 of its levels.


Innate Abilities, Weirdness & Mutations

You are immune to poison.
You have sharp fingernails.
Your flesh is cold resistant. (rC+)
You are immune to negative energy. (rN+++)
You do not regenerate when monsters are visible.
You are immune to unholy pain and torment.
You thrive by killing the living.


   Skills:
 - Level 1.2 Fighting
 + Level 1.1 Axes
 - Level 1.7 Dodging
 - Level 2.1 Stealth
 - Level 1.7 Spellcasting
 - Level 3.6 Summonings


You had 3 spell levels left.
You knew the following spells:

 Your Spells              Type           Power      Damage    Failure   Level
a - Summon Small Mammal   Summ           32%        N/A       8%          1

Your spell library contained the following spells:

 Spells                   Type           Power      Damage    Failure   Level
 Call Imp                 Summ           8%         N/A       11%         2
 Call Canine Familiar     Summ           8%         N/A       22%         3
 Summon Guardian Golem    Hex/Summ       4%         N/A       43%         3
 Summon Lightning Spire   Summ/Air       4%         N/A       83%         4

Inventory:

Hand Weapons
 e - a +0 whip (weapon)
Armour
 a - a +0 robe (worn)
 f - a +0 cloak
Scrolls
 c - a scroll of fog {unknown}
 d - a scroll of identify {unknown}
Potions
 b - a potion of magic

Dungeon Overview and Level Annotations

Branches:
Dungeon (1/15)

Altars:


Message History

The dart slug barely misses you.
You hit the dart slug.
The dart slug is almost dead.
The kobold hits you with a +0 short sword.
You hit the dart slug.
You kill the dart slug!
The kobold misses you.
A kobold comes into view. It is wielding a +0 short sword.
Your Fighting skill increases to level 1!
261 ||| Stepping ~*~*~tactically~*~*~ (outnumbered).
The kobold attacks as you move away!
The kobold hits you with a +0 short sword.
You closely miss the kobold. Your claw misses the kobold.
The kobold completely misses you.
You hit the kobold.
You kill the kobold!
The kobold completely misses you.
264 ||| CASTING Summon Small Mammal
Casting: Summon Small Mammal (safe; 8% risk of failure)
Confirm with . or Enter, or press ? or * to list all spells.
The kobold barely misses you.
You barely miss the kobold. The kobold barely misses you.
You barely miss the kobold.
The kobold hits you with a +0 short sword.
You hit the kobold but do no damage. The kobold closely misses you.
You hit the kobold.
You kill the kobold!
The kobold throws a stone.
The stone barely misses you.
The stone hits your rat but does no damage.
The kobold throws a stone.
The stone hits you but does no damage.
The kobold throws a stone.
The stone closely misses you. The stone barely misses your rat.
You closely miss the kobold.
The kobold hits you with a +0 short sword.
You hit the kobold.
The kobold is severely wounded.
The kobold hits you with a +0 short sword.
You die...

#.# ##'## #.#
#.# #.# #.####
#.# ##....#
#.#####...#.#
#...##......####
###.............
######>##.####
#r@K..#
#.###.%.... #.#
...... #.# ###.#
#.# . #.# #.#
#.# #.#


You could see a kobold (ally target) and a friendly rat (summoned).

Vanquished Creatures
  A dart slug (D:1)
  A ball python (D:1)
  3 kobolds (D:1)
  A bat (D:1)
6 creatures vanquished.

Vanquished Creatures (collateral kills)
  An endoplasm (D:1)
  A jackal (D:1)
  A bat (D:1)
3 creatures vanquished.

Grand Total: 9 creatures vanquished

Notes
Turn   | Place    | Note
-------+----------+-------------------------------------------
     0 | D:1      | qw the Ghoul Summoner began the quest for the Orb.
     0 | D:1      | Reached XP level 1. HP: 14/14 MP: 2/2
     0 | D:1      | 0 ||| qw: Version: 0.1-a-113-g051387a
     0 | D:1      | 0 ||| qw: Game counter: 7235
     0 | D:1      | 0 ||| qw: Always use a shield: true
     0 | D:1      | 0 ||| qw: God list: Okawaru
     0 | D:1      | 0 ||| qw: Allow faded altars: false
     0 | D:1      | 0 ||| qw: Do Orc after D:15 true
     0 | D:1      | 0 ||| qw: Do second Lair branch before Depths: true
     0 | D:1      | 0 ||| qw: Lair rune preference: random
     0 | D:1      | 0 ||| qw: Plans: Normal
     0 | D:1      | 0 ||| PLANNING D:1-11
    42 | D:1      | 42 ||| CASTING Summon Small Mammal
    43 | D:1      | 43 ||| CASTING Summon Small Mammal
    55 | D:1      | 55 ||| CASTING Summon Small Mammal
    82 | D:1      | 82 ||| Wielding weapon +0 dagger.
   110 | D:1      | 110 ||| SWAPPING to +0 whip.
   111 | D:1      | 111 ||| DROPPING +0 dagger.
   122 | D:1      | 122 ||| CASTING Summon Small Mammal
   123 | D:1      | 123 ||| CASTING Summon Small Mammal
   214 | D:1      | 214 ||| CASTING Summon Small Mammal
   215 | D:1      | 215 ||| CASTING Summon Small Mammal
   240 | D:1      | 240 ||| CASTING Summon Small Mammal
   241 | D:1      | 241 ||| CASTING Summon Small Mammal
   248 | D:1      | Reached skill level 1 in Axes
   249 | D:1      | 249 ||| Stepping ~*~*~tactically~*~*~ (stealth).
   252 | D:1      | 252 ||| CASTING Summon Small Mammal
   254 | D:1      | Reached XP level 2. HP: 14/22 MP: 0/3
   261 | D:1      | Reached skill level 1 in Fighting
   261 | D:1      | 261 ||| Stepping ~*~*~tactically~*~*~ (outnumbered).
   264 | D:1      | 264 ||| CASTING Summon Small Mammal
   266 | D:1      | HP: 4/23 [kobold/+0 short sword (3)]
   272 | D:1      | HP: 1/23 [kobold/+0 short sword (3)]
   273 | D:1      | Slain by a kobold

Levels and vault maps discovered:
D:1:      ebering_hopf_link, layout_loops_corners, minmay_strange_pillars,
          minmay_surrounded

Skill      XL: |  1  2 |
---------------+-------+-----
Axes           | 1 |  1.1
Fighting       | 1 |  1.2
Dodging        | |  1.7
Stealth        | |  2.1
Spellcasting   | |  1.7
Summonings     | |  3.6

Action                   || total
-------------------------++-------
Melee: Unarmed           ||     6
       Whip              ||    19
 Cast: Summon Small Mamm ||    10
Armor: Robe              ||     7
Dodge: Dodged            ||    16

Table legend:
 A = Non-vault XP
 B = Vault XP
 C = Vault XP percentage of total XP
 D = Non-vault monster count
 E = Vault monster count
 F = Vault count percentage of total count
                 A         B        C        D         E       F
            +---------+---------+-------+---------+---------+-------
      Total |       4 |      12 |  75.0 |       3 |       6 |  66.7
            +---------+---------+-------+---------+---------+-------
        D:1 |       4 |      12 |  75.0 |       3 |       6 |  66.7
            +---------+---------+-------+---------+---------+-------
